Cogmind - Beta 16 @@@ ROGUE MODE // 2026.02.08 @ 02:26:23 Player: Kuroshyup Result: Destroyed by S-10 Pest with Light Assault Rifle Performance ------------- Evolutions (0) 0 Regions Visited (2) 400 Robots Destroyed (27) 135 Value Destroyed (476) 476 Prototype IDs (0) 0 Alien Tech Used (0) 0 Bonus (0) 0 TOTAL SCORE: 1011 Bonus ------- None Cogmind --------- Core Integrity 0/250 Matter 212/300 Energy 245/250 System Corruption 1% Temperature Cool (20) Movement Walking (190) Ox1 Location -10/Subcaves Parts ------- > --- POWER (1) -------- Ion Engine > --- PROPULSION (2) --- Myomer Leg Compact Wheel > --- UTILITY (2) ------ Large Storage Unit Hardened Light Armor Plating > --- WEAPON (2) ------- Particle Gun Bore Cannon > --- INVENTORY (15) --- Ion Engine Ion Engine Light Ion Engine Light Ion Engine Heat Sink Cargo Storage Unit High-capacity Battery (250) High-capacity Matter Pod (200) Hardened Light Armor Plating Scrap Shield Medium Laser Particle Gun Peak State ------------ > --- POWER ------------ Ion Engine > --- PROPULSION ------- Myomer Leg Compact Wheel > --- UTILITY ---------- Large Storage Unit Hardened Light Armor Plating > --- WEAPON ----------- Particle Gun Bore Cannon > --- INVENTORY -------- Ion Engine Ion Engine Light Ion Engine Light Ion Engine Heat Sink Cargo Storage Unit High-capacity Battery High-capacity Matter Pod Hardened Light Armor Plating Scrap Shield Medium Laser Particle Gun [Rating: 20] Favorites ----------- Power Light Ion Engine Engine Light Ion Engine Propulsion Aluminum Leg Leg Aluminum Leg Wheel Wheel Utility Large Storage Unit Device Heat Sink Storage Large Storage Unit Processor Visual Processing Unit Protection Hardened Light Armor Plating Weapon Particle Gun Energy Gun Particle Gun Ballistic Cannon Bore Cannon Launcher Grenade Launcher Build | -11 -10 -10 ------- Run | Yrd Mat Sub Slots Evolved . | . . . Power . | . . . Propulsion . | . . . Utility . | . . . Weapon . | . . . Parts Attached 35 | 7 25 3 Power 4 | 1 3 . Engine 4 | 1 3 . Core . | . . . Reactor . | . . . Propulsion 13 | 3 8 2 Treads . | . . . Leg 7 | 1 5 1 Wheel 6 | 2 3 1 Hover . | . . . Flight . | . . . Utility 8 | 1 7 . Device 2 | . 2 . Storage 3 | 1 2 . Processor 2 | . 2 . Hackware . | . . . Protection 1 | . 1 . Artifact . | . . . Weapon 10 | 2 7 1 Energy Gun 8 | 2 6 . Energy Cannon . | . . . Ballistic Gun . | . . . Ballistic Cannon 1 | . . 1 Launcher 1 | . 1 . Special Weapon . | . . . Impact Weapon . | . . . Slashing Weapon . | . . . Piercing Weapon . | . . . Special Melee Weapon . | . . . Unidentified Prototypes . | . . . Parts Lost 13 | . 10 3 Power 1 | . 1 . Propulsion 6 | . 4 2 Utility 1 | . 1 . Weapon 5 | . 4 1 Highest Loss Streak 3 | . 3 3 To Critical Strikes . | . . . Average Backups 8 | 1 9 12 Power 2 | . 2 4 Propulsion 1 | 1 2 . Utility 3 | . 3 5 Weapon 1 | . 2 2 Tool/Special . | . . . Unused Backups 20 | . 9 11 Power 5 | . 1 4 Propulsion 4 | . 4 . Utility 8 | . 2 6 Weapon 3 | . 2 1 Tool/Special . | . . . Average Slot Usage (%) 96 | . 96 99 Engine 13 | . 13 14 Leg 18 | . 19 5 Wheel 8 | . 7 22 Device 4 | . 5 . Storage 13 | . 13 14 Processor 4 | . 5 . Protection 3 | . 2 14 Energy Gun 25 | . 26 21 Launcher 1 | . 1 . Peak Build Rating 20 | 6 11 20 Average Rating 8 | 2 8 14 On Entrance 5 | . 6 11 Avg Prop Armor Cover (%) 7 | 11 7 2 Naked Turns . | . . . Heaviest Build 42 | 7 36 42 Greatest Support 32 | 20 32 32 Greatest Overweight (x) 3 | . 3 1 Average Overweight (x) . | . . 1 Largest Inventory Capacity 15 | 5 15 15 Average Capacity 11 | 5 11 15 Most Carried 15 | 5 15 15 Average Carried 9 | 1 9 14 Final Capacity 15 | 5 15 15 Final Carried 15 | 5 15 14 Class Distribution -------------------- 82% | Mutant 17% | Scavenger-Mutant Dominant Class ---------------- Mutant | -10/Materials Mutant | -10/Subcaves Resources | -11 -10 -10 ----------- Run | Yrd Mat Sub Matter Collected 808 | 280 528 . Remotely . | . . . Salvage Created 766 | 55 672 39 Parts 51 | 5 43 3 Haulers Intercepted 1 | . 1 . Recyclers Shooed 4 | . 4 . Parts Field Recycled . | . . . Retrieved Matter . | . . . Parts Self-Destructed 2 | . . 2 Prevented . | . . . Parts Restored . | . . . Kills | -11 -10 -10 ------- Run | Yrd Mat Sub Combat Hostiles Destroyed 14 | 1 12 1 Guns 13 | 1 11 1 AOE 1 | . 1 . Classes Destroyed 8 | 2 5 1 Worker 4 | 1 3 . Builder 3 | . 3 . Hauler 1 | . 1 . Recycler 2 | . 2 . Watcher 3 | . 3 . Swarmer 5 | . 5 . Grunt 8 | 1 7 . Subdweller 1 | . . 1 Best Kill Streak 5 | 1 5 1 Combat Bots Only 3 | 1 3 1 Max Kills in Single Turn 1 | 1 1 1 Gunslinging . | . . . Exploded 1 | . 1 . Melee . | . . . Uniques/NPCs Destroyed . | . . . Combat | -11 -10 -10 -------- Run | Yrd Mat Sub Hostile Shots Fired 223 | 5 183 35 Missed 78 | 4 61 13 Hits 145 | 1 122 22 Projectile 145 | 1 122 22 Critical Strikes 1 | . . 1 Damage Taken 1537 | 12 1159 366 Core 252 | . 194 58 Absorbed by Shields . | . . . Core Remaining (%) 100 | 100 . . Volleys Fired 143 | 7 124 12 Largest 2 | 2 2 2 Hottest 130 | 90 130 130 Shots Fired 239 | 12 203 24 Gun 225 | 12 198 15 Cannon 9 | . . 9 Launcher 5 | . 5 . Special . | . . . Kinetic 9 | . . 9 Thermal 215 | 12 188 15 Explosive 5 | . 5 . Electromagnetic 10 | . 10 . Robot Hit Streak 8 | 6 8 3 Robot Miss Streak 4 | 1 4 4 Penetration Max 1 | . . 1 Secondary Targets 2 | . 2 . Max Gunslinging Chain 1 | . 1 . Shots Hit Robots 111 | 6 95 10 Core Hits 43 | 3 38 2 Critical Kills . | . . . Critical Parts Destroyed . | . . . Critical Strikes 5 | . 4 1 Burn 4 | . 4 . Destroy 1 | . . 1 Melee Attacks . | . . . Impact . | . . . Slashing . | . . . Piercing . | . . . Sneak Attacks . | . . . Combat Hostiles . | . . . Follow-up Attacks . | . . . Damage Inflicted 1782 | 70 1530 182 Guns 1370 | 70 1193 107 Cannons 75 | . . 75 Explosions 326 | . 326 . Melee . | . . . Ramming 11 | . 11 . Kinetic 75 | . . 75 Thermal 1317 | 70 1140 107 Explosive 326 | . 326 . Electromagnetic 53 | . 53 . Impact . | . . . Slashing . | . . . Piercing . | . . . Highest Corruption 1 | . 1 1 Average Corruption 1 | . 1 1 Corruption Purged . | . . . Corruption Blocked . | . . . Effects 18 | . 17 1 Message Errors 1 | . 1 . Matter Fused 3 | . 3 . Heat Flow Errors 4 | . 3 1 Energy Discharges 3 | . 3 . Data Loss (minor) 3 | . 3 . Data Loss (major) 1 | . 1 . Misfires 1 | . 1 . Weapon Failures 2 | . 2 . Overload Shots . | . . . Overflow Damage 10 | . 10 . Projectiles . | . . . Explosions 10 | . 10 . Melee . | . . . Knockbacks . | . . . Impact . | . . . Kinetic . | . . . Secondary . | . . . Self-Inflicted Damage 15 | . 15 . Shots 1 | . 1 . Rammed . | . . . Targets Rammed 2 | . 2 . Kicked 2 | . 2 . Crushed . | . . . Highest Temperature 352 | 96 352 148 Average Temperature 104 | 33 115 39 Received Heat Transfer 423 | 6 360 57 Effects 3 | . 3 . Shutdowns 1 | . 1 . Energy Bleed 1 | . 1 . Interference 1 | . 1 . Siege Activations . | . . . Martial Activations . | . . . Shielding Activations . | . . . Robots Disrupted . | . . . Combat Hostiles . | . . . Robots Corrupted . | . . . Combat Hostiles . | . . . Parts Fried . | . . . Impact Corruptions . | . . . Robots Melted . | . . . Combat Hostiles . | . . . Parts Melted 3 | 1 2 . Heat Transferred 3745 | 186 3300 259 Parts Sabotaged . | . . . Parts Stolen . | . . . Parts Stripped . | . . . Power Chain Reactions . | . . . Alert | -11 -10 -10 ------- Run | Yrd Mat Sub Maximum Alert Level . | . . . Low Security (%) 100 | 100 100 . Level 1 . | . . . Level 2 . | . . . Level 3 . | . . . Level 4 . | . . . Level 5 . | . . . High Security . | . . . Max Security . | . . . Peak Influence 138 | 20 138 . Initial 3 | . 3 . Average 26 | 2 29 . Influence Increases 450 | 25 425 . Destroy 0b10 Robot/C 260 | 20 240 . Destroy 0b10 Robot/NC 65 | 5 60 . Destroy Leader 48 | . 48 . Successful Hack 8 | . 8 . Disable Machine 30 | . 30 . Destroy Structure 24 | . 24 . Lose Combat Pursuer 15 | . 15 . Influence Decreases 450 | 20 418 12 Entered New Map 9 | . 2 7 Time Decay 381 | 20 356 5 Lost Part 60 | . 60 . Squads Dispatched 5 | . 5 . Investigation 2 | . 2 . Extermination . | . . . Reinforcement 3 | . 3 . Assault . | . . . Garrison . | . . . Intercept . | . . . Searches Triggered . | . . . Construction Impeded . | . . . Haulers Reinforced . | . . . Active Scanning Responses . | . . . Cargo Convoy Interrupts . | . . . Stealth | -11 -10 -10 --------- Run | Yrd Mat Sub Distress Signals 1 | . 1 . Communications Jammed . | . . . Distress Signals . | . . . Times Spotted 42 | 1 30 11 Peak Tracking Total 8 | 1 6 8 Tactical Retreats 1 | . 1 . Traps | -11 -10 -10 ------- Run | Yrd Mat Sub Traps Triggered 2 | . 2 . Indirectly . | . . . Trap Hack Attempts . | . . . Triggered . | . . . Disarmed . | . . . Reprogrammed . | . . . Reused . | . . . Traps Extracted . | . . . Installed . | . . . Triggered . | . . . Machines | -11 -10 -10 ---------- Run | Yrd Mat Sub Machines Disabled 2 | . 2 . Max in Single Turn 2 | . 2 . Machines Repaired . | . . . Machines Dismantled . | . . . Machines Sabotaged . | . . . Overloaded Fab Kills . | . . . Hacking | -11 -10 -10 --------- Run | Yrd Mat Sub Machines Accessed 6 | . 6 . Terminals 5 | . 5 . Fabricators . | . . . Repair Stations . | . . . Recycling Units 1 | . 1 . Scanalyzers . | . . . Garrison Access . | . . . Total Hacks 32 | . 32 . Successful 16 | . 16 . Failed 14 | . 14 . Catastrophic 2 | . 2 . Database Lockouts 2 | . 2 . Manual 1 | . 1 . Terminals 23 | . 23 . Fabricators . | . . . Repair Stations . | . . . Recycling Units 9 | . 9 . Scanalyzers . | . . . Garrison Access . | . . . Terminal Hacks 9 | . 9 . Record 7 | . 7 . Alert Level 1 | . 1 . Investigation Status 1 | . 1 . Fabricator Hacks . | . . . Repair Station Hacks . | . . . Recycling Unit Hacks 7 | . 7 . Recycle Component 2 | . 2 . Process 3 | . 3 . Report Inventory 2 | . 2 . Scanalyzer . | . . . Garrison Access Hacks . | . . . Unauthorized Hacks . | . . . Terminals . | . . . Fabricators . | . . . Repair Stations . | . . . Recycling Units . | . . . Scanalyzers . | . . . Garrison Access . | . . . Data Cores Recovered . | . . . Used . | . . . Hacking Detections 5 | . 5 . Full Trace Events 5 | . 5 . Feedback Events . | . . . Feedback Blocked . | . . . Robot Schematics Acquired . | . . . Robots Built . | . . . Authchips . | . . . Time . | . . . Total Robot Build Rating . | . . . Part Schematics Acquired . | . . . Parts Built . | . . . Authchips . | . . . Time . | . . . Total Part Build Rating . | . . . Part Studies Acquired . | . . . Parts Repaired . | . . . Time . | . . . Parts Recycled 2 | . 2 . Recycled Matter 88 | . 88 . Retrieved Matter . | . . . Retrieved Components . | . . . Parts Scanalyzed . | . . . Part Schematics Acquired . | . . . Parts Damaged . | . . . Bothacking | -11 -10 -10 ------------ Run | Yrd Mat Sub Used RIF Installer . | . . . Robots Hacked . | . . . Non-combat . | . . . Combat . | . . . Robot Hacks Applied . | . . . Relay Couplers Released . | . . . Fabnet Peak Effective % . | . . . Robots Rewired . | . . . Allies Hacked . | . . . Hacks Repelled . | . . . Allies | -11 -10 -10 -------- Run | Yrd Mat Sub Total Allies . | . . . Largest Group . | . . . Highest-Rated Group . | . . . Highest-Rated Ally . | . . . Total Orders . | . . . Ally Attacks . | . . . Total Damage . | . . . Kills . | . . . Allies Corrupted . | . . . Allies Melted 1 | . . 1 Intel | -11 -10 -10 ------- Run | Yrd Mat Sub Active Infowar (turns) 579 | . 579 . Optics 553 | . 553 . ECM 26 | . 26 . Robot Analysis Total . | . . . Derelict Logs Recovered 1 | . . 1 Drone Launches . | . . . Drone Recoveries . | . . . Exploration | -11 -10 -10 ------------- Run | Yrd Mat Sub Turns Passed 2159 | 207 1813 139 Spaces Moved 1137 | 107 957 73 Core 49 | 49 . . Treads . | . . . Legs 568 | 2 553 13 Wheels 520 | 56 404 60 Hover . | . . . Flight . | . . . Fastest Speed 50 | 50 80 115 Average Speed 131 | 67 138 128 Slowest Speed 330 | 120 330 190 Overloaded Moves . | . . . Propulsion Burnouts . | . . . Robots Hopped . | . . . Potential Cave-ins . | . . . Cave-ins Triggered . | . . . Exploration Rate (%) 33 | 7 89 5 Regions Visited 2 Branch Regions 1 Pre-discovered Areas 1 | . . 1 Known Exits Taken . | . . . Unknown Exits Taken 2 | 1 1 . Scrap Searched . | . . . Spaces Dug . | . . . Terrain Destroyed 29 | . 22 7 Melee . | . . . Projectile 7 | . . 7 AOE 22 | . 22 . Terrain Rammed . | . . . Walls Destroyed . | . . . Machines Disabled . | . . . Actions | -11 -10 -10 --------- Run | Yrd Mat Sub Total 1569 | 229 1244 96 Wait 169 | 97 68 4 Move 1135 | 106 956 73 Hop . | . . . Pick Up 53 | 10 41 2 Fast Attach 4 | 1 2 1 Attach 25 | 6 17 2 Detach 5 | 1 4 . Swap 12 | 1 11 . Drop 21 | . 19 2 Fire 143 | 7 124 12 Melee . | . . . Ram . | . . . Kick 2 | . 2 . Crush . | . . . Escape Stasis . | . . . Rewire . | . . . Trap . | . . . Miscellaneous . | . . . Route ------- -11/Scrapyard -10/Materials (discovered 5 exits: [*Mat x3] / [*Min] / [*Sub]) -10/Subcaves History --------- Turn | Location | Event 2 | -11/Scrapyard | Met Revision 17 150 | -11/Scrapyard | Discovered new exit (range 8) 208 | -11/Scrapyard | Entered Materials 317 | -10/Materials | Build established: Mutant 794 | -10/Materials | Lost 3 parts (1p1n1w) 916 | -10/Materials | Discovered new exit (range 16) 1243 | -10/Materials | Discovered new exit (range 18) 1422 | -10/Materials | Discovered new exit (range 12) 1432 | -10/Materials | Discovered new exit (range 8) 1671 | -10/Materials | Core integrity fell below 50% 1791 | -10/Materials | Discovered new exit (range 15) 1913 | -10/Materials | Central database locked down 1913 | -10/Materials | Central database locked down 2021 | -10/Materials | Entered Subcaves 2023 | -10/Subcaves | Core integrity fell below 20% 2036 | -10/Subcaves | Learned location of Zion (-7) 2087 | -10/Subcaves | Ambushed by swarm of Subdwellers 2099 | -10/Subcaves | Ambushed by Subdwellers from Twisted Machinery 2137 | -10/Subcaves | Lost 3 parts (2n1w) 2141 | -10/Subcaves | Lost 4 allies 2160 | -10/Subcaves | Destroyed by S-10 Pest with Light Assault Rifle Last Messages --------------- 02121_ HV Slug penetrates Wall. 02121_ HV Slug penetrates Earth. 02122_ IA-MWQ(R) affixes Scrap Shield Fragment to Scrap Shield. 02124_ System corrupted: Heat flow error (+124). 02124_ Subatomizers dissect the Disposable Heat Sink. 02124_ HV Slug penetrates Twisted Machinery. 02127_ IA-MWQ(R) destroyed. 02127_ HV Slug penetrates Y1-YRF(R). 02129_ Y1-YRF(R) affixes Scrap Shield Fragment to Scrap Shield. 02132_ Y1-YRF(R) destroyed. 02134_ Flight Unit fries itself beyond repair. 02153_ HV Slug penetrates Wall. [Achievement: First Step to Greatness] The achievement interface (ESC then open Records) offers an effective way to explore all of your earned achievements as well as seek out new goals for future runs. Map ----- +----------------------------------------------------+ | | | | | | | | | | | | | | | | | | | ????????????????????????????????????????????????? | | ????????????????????????????????????????????????? | | ????????????????????????????????????????????????? | | ????????????????????????????????????????????????? | | ????????????????????????????????????????????????? | | ????????????????????????????????????????????????? | | ????????????????????????????????????????????????? | | ????????????????????????????????????????????????? | | ????????????????????????????????????????????????? | | ????????????????????????????????????????????????? | | ????????????????????????????????????????????????? | | ????????????????????????????????????????????????? | | ????????????????????????????????????????????????? | | ????????????????????????????????????????????????? | | ???????????????????????###????######????###?????? | | ??????????????????????## ###### ##??## ##????? | | ?????????????????????## @ #### #????? | | ????????????????????## # #????? | | ?????????????##?????# #; #?#### | | ?????????????#"#????# s#;## ### | | ??????????????# ##### ## * | | ??????????????# ## ### % | | ??????????????# ! " #?#% % ## | | ??????????????# % %* "####?# # # | | ??????????????# ! #????### | | ??????????????## !% #??????## | | ??????????????#; %*%=; #???????## ## #### | | ??????????????## **%!&! ##????????######??## | | ???????????????# !%]%"# #??????????????????? | | ???????????????# ###&%&## ??????????????????? | | ???????????????# #?#%%=&####?????????????????? | | ???????????????# &%] #???????????????????? | | ???????????????## !![! #??????????????????? | | ????????????????##### &[ ##??????????????????? | | ?????????????????????##% ##???????????????????? | | ???????????????????????" "#????????????????????? | | ??????????????????????? ""????????????????????? | | ????????????????????????? ???????????????????? | | ?????????????????????????? ???????????????????? | | ?????????????????????????? ???????????????????? | | ????????????????????????????????????????????????? | +----------------------------------------------------+ Best States ------------- Heat Dissipation 35 Energy Generation 10 Energy Capacity 250 Matter Stores 350 Matter Capacity 350 Sight Range 18 Terrain Scan Density 85 ECM Strength 1 Armor Coverage 150 Evasion (%) 55 Item Schematics ----------------- None Robot Schematics ------------------ None Fabricated ------------ Nothing Repaired ---------- Nothing Studied --------- None Alien Tech Used ----------------- None Achievements -------------- First Step to Greatness For Emergencies Only I Have A Map? Loot Pinata One Hack Too Far Organ Harvest Please Form A Line Spot Them First There's More Where That Came From Uninvited Guest Challenges ------------ None Game ------ Seed EnergyEnhancedBroadsword Manual? 0 Play Time 02:40:09 Cumulative 2.6 hours Start 2026.02.05 @ 23:07:29 End 2026.02.08 @ 02:26:23 Sessions 7 Manual Loads 0 Difficulty Rogue Special Mode None Game No. 1 Rogue 1 Adventurer 0 Explorer 0 Win Type - Total 0 Types 0/0/0/0/0/0/0/0/0/0 Lore% 0 Gallery% 1 Achievement% 2 Wizard Run 0 Options --------- Layout 1 ASCII 0 Keyboard 0 Movement Mouse Keybinds 0 Fullscreen 1 Font 24/Smallcaps Map View 50x35 Zoom Use 24% Tactical HUD 1 Map Filters NONE Filters NONE Steam 1 RUN: 15b8d939-fdd0-4ac3-8f06-48992b702b7d